 Dungeon Crawl Stone Soup version 0.30-a0-924-g0ad0bf95bc (webtiles) character file.

Game seed: 17423101609831015440

1401 mopl the Cleaver (level 9, 0/61 HPs)
             Began as a Formicid Warper on Mar 22, 2023.
             Was a Follower of Cheibriados.
             Slain by a two-headed ogre
             ... wielding a +0 giant club
              (24 damage)
             ... on level 7 of the Dungeon.
             The game lasted 00:06:32 (5806 turns).

mopl the Cleaver (Formicid Warper)                  Turns: 5806, Time: 00:06:32

Health: 0/61       AC: 10    Str: 19    XL:     9   Next: 1%
Magic:  15/15      EV: 13    Int: 20    God:    Cheibriados [*.....]
Gold:   339        SH:  0    Dex: 16    Spells: 4/16 levels left

rFire   . . .      SeeInvis +    a - +2 hand axe (drain)
rCold   . . .      Faith    .    (no shield)
rNeg    . . .      Spirit   .    J - +0 chain mail
rPois   .          Reflect  .    (helmet unavailable)
rElec   .          Rampage  .    u - +0 cloak
rCorr   .                        o - +0 pair of gloves
Will    .....                    (no boots) Stlth
                                 (no amulet)
HPRegen 0.30/turn                e - +5 ring of evasion
MPRegen 0.14/turn                (no ring)

@: very slow
A: permanent stasis, dig shafts and tunnels, antennae 3, four strong arms
a: Dig, Shaft Self, Renounce Religion, Bend Time


You were on level 7 of the Dungeon.
You worshipped Cheibriados.
Cheibriados was aware of your devotion.
You visited 2 branches of the dungeon, and saw 8 of its levels.

You collected 339 gold pieces.

Inventory:

Hand Weapons
 a - a +2 hand axe of draining (weapon)
 x - a +0 war axe
 D - a +3 war axe
Missiles
 d - 7 boomerangs of dispersal (quivered)
 F - a silver boomerang
Armour
 o - a +0 pair of gloves (worn)
 u - a +0 cloak (worn)
 J - a +0 chain mail (worn)
Jewellery
 e - a +5 ring of evasion (left hand)
Wands
 q - a wand of charming (14)
 v - a wand of iceblast (8)
 I - a wand of quicksilver (8)
Scrolls
 b - 2 scrolls of silence {unknown}
 c - 3 scrolls of blinking
 g - 2 scrolls of enchant armour {unknown}
 m - 6 scrolls of identify {unknown}
 n - 4 scrolls of teleportation {unknown}
 p - a scroll of immolation {unknown}
 w - a scroll of noise {unknown}
 y - 2 scrolls of poison {unknown}
 B - a scroll of magic mapping {unknown}
 C - a scroll of amnesia {unknown}
 E - a scroll of vulnerability {unknown}
 G - 2 scrolls of fear {unknown}
Potions
 f - 6 potions of curing {unknown}
 h - 2 potions of heal wounds {unknown}
 k - a potion of lignification {unknown}
 l - a potion of berserk rage {unknown}
 r - a potion of degeneration {unknown}
 s - 2 potions of haste {unknown}
 t - 2 potions of invisibility {unknown}
 z - a potion of brilliance {unknown}
 A - a potion of flight {unknown}
 H - a potion of magic {unknown}


   Skills:
 - Level 2.1 Fighting
 * Level 8.9 Axes
 - Level 1.0 Throwing
 - Level 1.1 Armour
 - Level 1.7 Dodging
 - Level 4.0 Spellcasting
 - Level 2.6 Translocations
 + Level 5.3 Invocations


You had 4 spell levels left.
You knew the following spells:

 Your Spells              Type           Power      Damage    Failure   Level
a - Vhi's Electric Charg  Tloc/Air       18%        N/A       96%         3
b - Lesser Beckoning      Tloc           28%        N/A       63%         2
c - Manifold Assault      Tloc           14%        N/A       99%         4
t - Teleport Other        Tloc           14%        N/A       86%         3

Your spell library contained the following spells:

 Spells                   Type           Power      Damage    Failure   Level
 Shock                    Conj/Air       16%        1d4       86%         1
 Scorch                   Fire           8%         2d5       94%         2
 Ozocubu's Armour         Ice            4%         N/A       99%         3
 Flame Wave               Conj/Fire      4%         2d5       100%        4
 Leda's Liquefaction      Hex/Erth       2%         N/A       100%        4
 Fireball                 Conj/Fire      2%         3d4       100%        5
 Summon Cactus Giant      Summ           2%         N/A       100%        6
 Ozocubu's Refrigeration  Ice            2%         4d7       100%        7
 Blink                    Tloc           Unusable   N/A       N/A         2

Dungeon Overview and Level Annotations

Branches:
Dungeon (7/15)             Temple (1/1) D:5

Altars:
Ashenzari
Cheibriados
Elyvilon
Fedhas
Gozag
Hepliaklqana
Okawaru
Ru
Sif Muna
Uskayaw
Vehumet
Wu Jian
Xom
Yredelemnul
Zin
The Shining One

Shops:
D:1 [   D:6 [

Annotations:
D:5 2 transporters, UltraNumeron's ghost, amateur DsGl


Innate Abilities, Weirdness & Mutations

You cannot be hasted, slowed, berserked, paralysed or teleported.
You can dig through walls and to a lower floor.
You have a pair of large antennae on your head. (SInv)
Your four strong arms can wield two-handed weapons with a shield.


Message History

You throw a poisoned dart.
The poisoned dart hits the two-headed ogre.
You throw a poisoned dart.
The poisoned dart hits the two-headed ogre.
You throw a poisoned dart.
The poisoned dart hits the two-headed ogre.
The two-headed ogre is poisoned.
You throw a poisoned dart.
The poisoned dart hits the two-headed ogre.
The two-headed ogre looks even sicker.
The two-headed ogre is lightly wounded.
You throw a poisoned dart.
The poisoned dart hits the two-headed ogre.
The two-headed ogre looks even sicker.
The two-headed ogre is lightly wounded.
You slash the two-headed ogre!
The two-headed ogre is lightly wounded.
The two-headed ogre hits you with a +0 giant club.
The two-headed ogre hits you with a +0 giant club!
You barely miss the two-headed ogre.
The two-headed ogre is lightly wounded.
The two-headed ogre hits you with a +0 giant club.
The two-headed ogre closely misses you.
You hit the two-headed ogre. You drain the two-headed ogre.
The two-headed ogre is moderately wounded.
You hit the two-headed ogre but do no damage.
The two-headed ogre is moderately wounded.
The two-headed ogre barely misses you.
The two-headed ogre hits you with a +0 giant club!
You are too injured to fight recklessly!
You are too injured to fight recklessly!
The two-headed ogre hits you with a +0 giant club.
The two-headed ogre closely misses you.
A two-headed ogre is nearby!
You hit the two-headed ogre but do no damage.
The two-headed ogre is moderately wounded.
You hit the two-headed ogre. You drain the two-headed ogre.
The two-headed ogre is heavily wounded.
The two-headed ogre hits you with a +0 giant club!!
You die...

####.....................#
#.....###..............
#....##.....#.........#
##....#...####.........#
#.........# ###........
##........#####..<....##
###......##.#........#
##...................
#.......O@......#.#.
##.....(........###
##..((.........#
..(##..........# ..
............. #
.♣♣.♣♣.....##. ## ♣~
.....# ♣~ ♣...##


You could see a two-headed ogre (very poisoned, drained).

Vanquished Creatures
  An orc warrior (D:6)
  A black bear (D:6)
  A centaur (D:6)
  3 ogres
  2 bullfrogs (D:6)
  A scorpion (D:6)
  3 wights (D:6)
  2 hounds
  2 jellies
  An orc priest (D:6)
  4 iguanas
  7 orc wizards
  5 adders
  A white imp (D:6)
  An ufetubus (D:4)
  16 orcs
  8 bats
  7 endoplasms
  3 giant cockroaches
  5 goblins
  A hobgoblin (D:1)
  3 jackals (D:1)
  4 kobolds
  3 quokkas
  7 ball pythons
  3 frilled lizards
  4 rats
99 creatures vanquished.

Vanquished Creatures (others)
  2 orcs
  A quokka (D:3)
  A plant (D:3)
4 creatures vanquished.

Grand Total: 103 creatures vanquished

Notes
Turn   | Place    | Note
-------+----------+-------------------------------------------
     0 | D:1      | mopl the Formicid Warper began the quest for the Orb.
     0 | D:1      | Reached XP level 1. HP: 16/16 MP: 3/3
    21 | D:1      | Reached XP level 2. HP: 8/22 MP: 5/5
   217 | D:1      | Reached skill level 3 in Axes
   561 | D:1      | Found Zugegh's Armour Boutique.
   814 | D:2      | Reached XP level 3. HP: 24/27 MP: 6/6
   943 | D:2      | Found a faded altar of an unknown god.
  1104 | D:2      | Reached XP level 4. HP: 24/33 MP: 8/8
  1189 | D:2      | Found a broken altar of Ashenzari.
  1359 | D:3      | Reached skill level 3 in Spellcasting
  1492 | D:3      | Found a shimmering altar of Xom.
  1726 | D:3      | Found a hazy altar of Hepliaklqana.
  1896 | D:3      | Found a hide-covered altar of Uskayaw.
  1896 | D:3      | Found a glowing silver altar of Zin.
  2045 | D:3      | Got Sif Muna's Exposition on Spellbinding Bruises
  2097 | D:3      | Reached skill level 4 in Axes
  2097 | D:3      | Reached XP level 5. HP: 37/38 MP: 8/10
  2497 | D:4      | Noticed an ogre
  2504 | D:4      | Killed an ogre
  2505 | D:4      | Reached skill level 4 in Spellcasting
  2505 | D:4      | Reached XP level 6. HP: 44/44 MP: 10/12
  2510 | D:4      | Learned a level 3 spell: Vhi's Electric Charge
  2513 | D:4      | Learned a level 2 spell: Lesser Beckoning
  2518 | D:4      | Learned a level 4 spell: Manifold Assault
  2619 | D:4      | Reached skill level 5 in Axes
  2642 | D:4      | Learned a level 3 spell: Teleport Other
  3041 | D:4      | Found a radiant altar of Vehumet.
  3168 | D:5      | Entered Level 5 of the Dungeon
  3186 | D:5      | Found a staircase to the Ecumenical Temple.
  3197 | Temple   | Entered the Ecumenical Temple
  3225 | Temple   | Became a worshipper of Cheibriados the Contemplative
  3375 | D:5      | Reached XP level 7. HP: 46/50 MP: 13/13
  3394 | D:5      | Reached skill level 6 in Axes
  3394 | D:5      | Reached skill level 1 in Invocations
  3505 | D:5      | Found a broken altar of Ashenzari.
  3537 | D:5      | Noticed UltraNumeron's ghost (amateur DsGl)
  3541 | D:5      | Found a transporter.
  3546 | D:5      | Found a transporter.
  4104 | D:6      | Reached skill level 2 in Invocations
  4521 | D:6      | Reached skill level 7 in Axes
  4608 | D:6      | Reached skill level 3 in Invocations
  4613 | D:6      | Reached * piety under Cheibriados
  4614 | D:6      | Reached XP level 8. HP: 52/56 MP: 14/14
  4809 | D:6      | Reached skill level 4 in Invocations
  4819 | D:6      | Reached skill level 8 in Axes
  4824 | D:6      | Found Etanag's Armour Shoppe.
  5307 | D:6      | Reached skill level 5 in Invocations
  5652 | D:6      | Reached XP level 9. HP: 61/61 MP: 15/15
  5794 | D:7      | Noticed a two-headed ogre
  5806 | D:7      | Slain by a two-headed ogre

Illustrated notes

Levels and vault maps discovered:
D:1:      dpeg_arrival_tiny_a, layout_loops_ring, serial_shops,
          nicolae_lakefront_shop, minmay_indecisive_spiral
D:2:      layout_basic, basic_altar, hellmonk_ecumenical_altar_arch_garden,
          minmay_misc_feat_tiny, minmay_misc_feat_more_columns
D:3:      layout_loops_ring, nicolae_hepliaklqana_hazy_memory,
          xom_confusion_cloud, gammafunk_temple_overflow_elements
D:4:      minmay_door_path, layout_cave_pools, lemuel_crystal_altar,
          minivault_25, minmay_a_box_with_orc_wizards_in_it
D:5:      layout_loops_corners, ashenzari_altar_1, minmay_temple_entry_waves,
          gammafunk_ghost_hive, minmay_misc_feat_chi
D:6:      layout_basic, hangedman_abyss_or_decor_passed, kennysheep_small_square
D:7:      layout_cave_pools, lemuel_crystal_altar, serial_bayou,
          serial_bayou_ford_a, serial_bayou_crossing, serial_bayou_pond_b,
          serial_bayou_pond_d, serial_bayou_lagoon_a, serial_bayou_pond_e,
          uniq_joseph
Temple:   nicolae_temple_ecumenical_triangle

Skill      XL: |  1  2  3  4  5  6  7  8 |
---------------+-------------------------+-----
Axes           | 3 4 5 7 8 |  8.9
Spellcasting   | 3 4 |  4.0
Invocations    | 3 5 |  5.3
Fighting       | |  2.1
Throwing       | |  1.0
Armour         | |  1.1
Dodging        | |  1.7
Translocations | |  2.6

Action                     |  1- 3 |  4- 6 |  7- 9 || total
---------------------------+-------+-------+-------++-------
  Melee: Hand axe          |   102 |    99 |    68 ||   269
         War axe           |       |    53 |    47 ||   100
         Punch             |       |       |     2 ||     2
  Throw: Dart              |       |     1 |     9 ||    10
  Evoke: Wand              |       |       |     1 ||     1
 Armour: Leather armour    |     6 |       |       ||     6
         Ring mail         |    24 |    36 |    20 ||    80
         Chain mail        |       |       |     7 ||     7
  Dodge: Dodged            |    99 |   126 |   112 ||   337

Table legend: (Time is in decaauts)
 A = Elapsed time spent in this place.
 B = Non-inter-level travel time spent in this place.
 C = Inter-level travel time spent in this place.
 D = Time resting spent in this place.
 E = Time spent auto-exploring this place.
 F = Levels seen in this place.
 G = Mean time per level.
                   A        B        C        D        E       F      G
               +--------+--------+--------+--------+--------+-----+--------+
         Total |   6450 |   6192 |    258 |   1042 |   4118 |   8 |  806.2 |
       Dungeon |   6413 |   6164 |    249 |   1042 |   4107 |   7 |  916.1 |
        Temple |     37 |     29 |      8 |      0 |     11 |   1 |   37.0 |
               +--------+--------+--------+--------+--------+-----+--------+

Top non-repeatable levels by time:
     D:6: 2087 daAuts
     D:5: 1017 daAuts
     D:3: 1009 daAuts
     D:4: 875 daAuts
     D:1: 810 daAuts
     D:2: 539 daAuts
     D:7: 73 daAuts
  Temple: 37 daAuts
